 Dungeon Crawl Stone Soup version 0.30.0-5-g1a98f26d00 (webtiles) character file.

Game seed: 16118886717768144867

3 SnakkuSnakku7 the Trooper (level 1, -3/24 HPs)
             Began as an Ogre Delver on May 10, 2023.
             Slain by an orc priest
             ... wielding a +0 hand axe
              (6 damage)
             ... on level 4 of the Dungeon.
             The game lasted 00:00:43 (275 turns).

SnakkuSnakku7 the Trooper (Ogre Delver)              Turns: 275, Time: 00:00:44

Health: -3/24      AC:  3    Str: 15    XL:     1   Next: 50%
Magic:  1/1        EV:  9    Int: 11    God:
Gold:   38         SH:  0    Dex: 10    Spells: 0/0 levels left

rFire   . . .        a - +0 mace
rCold   . . .        (no shield)
rNeg    . . .        b - +0 robe
rPois   .            (helmet restricted)
rElec   .            (no cloak)
rCorr   .            (gloves unavailable)
SInv    .            (boots unavailable)
Will    .....        (no amulet)
Stlth   ++           (no ring)
HPRegen 0.24/turn    (no ring)
MPRegen 0.07/turn

%: no passive effects
@: no status effects
A: large, unfitting armour, tough skin 1
a: no special abilities


You were on level 4 of the Dungeon.
You visited 1 branch of the dungeon, and saw 2 of its levels.

You collected 38 gold pieces.

Inventory:

Hand Weapons
 a - a +0 mace (weapon)
Armour
 b - a +0 robe (worn)
Wands
 g - a wand of digging (3)
Scrolls
 d - a scroll of magic mapping
 e - a scroll of identify {unknown}
Potions
 f - a potion of haste


   Skills:
 + Level 4.1 Fighting
 + Level 1.9 Maces & Flails
 - Level 1.7 Dodging
 - Level 3.7 Stealth


You couldn't memorise any spells.
You didn't know any spells.
Your spell library was empty.

Dungeon Overview and Level Annotations

Branches:
Dungeon (5/15)
 Temple: D:4-7

Altars:
Sif Muna


Innate Abilities, Weirdness & Mutations

You are too large for most types of armour.
You have tough skin. (AC +1)


Message History

You close the door.
You start resting.
HP restored.
There is a shimmering blue altar of Sif Muna here.
e - a scroll labelled JEUMEA YVVAIQ
There is a shimmering blue altar of Sif Muna here.
You open the door.
There is an open door here.
The orc closely misses you.
You closely miss the orc. The orc hits you with a +0 mace.
You hit the orc.
The orc is severely wounded.
The orc barely misses you.
You thump the orc!
You kill the orc!
No target in view!
No target in view!
You start waiting.
Done waiting.
An orc priest comes into view. It is wielding a +0 hand axe.
The orc priest shouts!
The orc priest looks encouraged for a moment.
As you read the scroll of fog, it crumbles to dust.
The scroll dissolves into smoke.
An orc comes into view. It is wielding a +0 dagger.
The orc shouts!
You hear a shout!
The orc priest mumbles some strange prayers to Beogh against you.
Beogh smites you!
Ouch! That really hurt!
You hit the orc priest but do no damage.
The orc hits you with a +0 dagger. The orc priest closely misses you.
You hit the orc priest but do no damage.
The orc hits you with a +0 dagger. The orc priest barely misses you.
You hit the orc priest but do no damage.
The orc hits you with a +0 dagger.
* * * LOW HITPOINT WARNING * * *
The orc priest hits you with a +0 hand axe.
* * * LOW HITPOINT WARNING * * *
The orc priest hits you with a +0 hand axe.
You die...

#..... ....#
......# ....
.......##...
.........B###
....o.#.....#
#h...>....#######
##.........§§§§§
#....##...§oo§#
##......#.#+#@§#
#.......#.#.#§§#
............#.#§##
......#.....#.#§§#
......##...##.##.#
#...## #...#...#.#
#... ##..#._.#.#
.. #..#...#.#
#..##.##.#


You could see an orc priest and an orc.

Vanquished Creatures
  An orc (D:4)
  A giant cockroach (D:4)
2 creatures vanquished.

Notes
Turn   | Place    | Note
-------+----------+-------------------------------------------
     0 | D:5      | SnakkuSnakku7 the Ogre Delver began the quest for the Orb.
     0 | D:5      | Reached XP level 1. HP: 24/24 MP: 1/1
    47 | D:5      | Noticed a black bear
    74 | D:5      | Noticed a hound
   106 | D:4      | Found a shimmering blue altar of Sif Muna.
   268 | D:4      | Noticed an orc priest
   275 | D:4      | Slain by an orc priest

Illustrated notes

Levels and vault maps discovered:
D:4:      minmay_recursive_quarters, layout_cave_pools,
          nicolae_vehumet_radiance, mainiacjoe_overflow_surrounded_room,
          nicolae_ru_great_annihilating_truth, lemuel_doored_altar
D:5:      layout_rooms, ebering_ghost_rock_garden,
          nicolae_elevator_lobby_asterisk

Action                     || total
---------------------------++-------
  Melee: Mace              ||     7
    Use: Scroll            ||     2
 Armour: Robe              ||     3
  Dodge: Dodged            ||     9
